 Dungeon Crawl Stone Soup version 0.24.0-123-gd5b16e6ec5 (webtiles) character file.

Game seed: 6274324545643049299, levelgen mode: deterministic

632 Delamore the Cleaver (level 7, 0/52 HPs)
             Began as a Formicid Fighter on Jan 25, 2020.
             Succumbed to a scorpion's poison
             ... on level 4 of the Dungeon.
             The game lasted 00:05:00 (4214 turns).

Delamore the Cleaver (Formicid Fighter)             Turns: 4214, Time: 00:05:01

Health: 0/52       AC:  8    Str: 22    XL:     7   Next: 78%
Magic:  2/7        EV:  9    Int:  8    God:
Gold:   214        SH:  4    Dex: 10    Spells: 6/6 levels left

rFire    . . .     SeeInvis +   k - +0 hand axe
rCold    . . .     Gourm    .   g - +0 buckler
rNeg     . . .     Faith    .   b - +0 scale mail
rPois    .         Spirit   +   (helmet unavailable)
rElec    .         Reflect  .   (no cloak)
rCorr    .         Harm     .   (no gloves)
MR       +....                  o - +0 pair of boots
Stlth    +.........             q - amulet of guardian spirit
HPRegen  0.17/turn              m - ring of stealth
MPRegen  0.10/turn              t - ring of protection from magic

@: lethally poisoned (0 -> -7)
A: permanent stasis, dig shafts and tunnels, four strong arms, antennae 3
a: Dig, Shaft Self


You were on level 4 of the Dungeon.
You were hungry.

You visited 1 branch of the dungeon, and saw 5 of its levels.

You collected 214 gold pieces.

Inventory:

Hand Weapons
 a - a +0 war axe
 k - a +0 hand axe (weapon)
Missiles
 p - 10 javelins
 u - 3 silver javelins (quivered)
Armour
 b - a +0 scale mail (worn)
 c - a +0 shield
 g - a +0 buckler (worn)
 o - a +0 pair of boots (worn)
Jewellery
 m - a ring of stealth (left hand)
 q - an amulet of guardian spirit (around neck)
 t - a ring of protection from magic (right hand)
Scrolls
 h - a scroll of fear
 i - 5 scrolls of identify
 j - 2 scrolls of amnesia
 l - 2 scrolls of remove curse
 s - a scroll of teleportation
 v - a scroll of enchant armour {unknown}
Potions
 d - 2 potions of might
Comestibles
 f - 5 rations
 r - 9 chunks of flesh


   Skills:
 - Level 3.2 Fighting
 + Level 8.1 Axes
 - Level 3.2 Armour
 - Level 3.6 Shields


You had 6 spell levels left.
You didn't know any spells.
Your spell library was empty.

Dungeon Overview and Level Annotations

Branches:
Dungeon (5/15)
 Temple: D:4-7

Altars:
Fedhas
Makhleb
Vehumet


Innate Abilities, Weirdness & Mutations

You cannot be hasted, slowed, berserked, paralysed or teleported.
You can dig through walls and to a lower floor.
Your four strong arms can wield two-handed weapons with a shield.
You have a pair of large antennae on your head. (SInv)


Message History

The scorpion stings you.
* * * LOW HITPOINT WARNING * * *
You are lethally poisoned!
The scorpion poisons you!
You hit the scorpion.
You kill the scorpion!
* * * LOW HITPOINT WARNING * * *
You feel sick.
* * * LOW HITPOINT WARNING * * *
You feel sick.
You see here a scorpion corpse.
You feel magically purged.
* * * LOW HITPOINT WARNING * * *
You feel sick.
Okay, then.
There is a lethal amount of poison in your body!
Unknown command.
* * * LOW HITPOINT WARNING * * *
You feel sick.
You die...

....##..#.......##...............
#..........#.#...................
#...##..#.##.#...................
..........#......................
.......##..........###...........
...............)................#
............###)....#..........##
............##.[....#...........#
#............>†.@..........#.....
.............[)#.........##......
.#......÷.....###...........#....
.#............###.##.##.....#....
........#......#.[.........##....
......###..................#.....
......# ##.......................
..##.## ##......................
###### ##............#...#....


There were no monsters in sight!

Vanquished Creatures
  Grinder (D:4)
  2 scorpions
  A hound (D:3)
  2 centaur skeletons (D:4)
  A worker ant (D:4)
  2 orc wizards
  4 gnolls (D:3)
  7 adders
  An ooze (D:3)
  2 worms
  A dart slug (D:3)
  4 leopard geckos
  9 orcs
  A ball python (D:5)
  8 bats
  3 giant cockroaches
  5 goblins
  6 hobgoblins
  6 jackals (D:4)
  A quokka (D:2)
  7 frilled lizards
  7 kobolds
  6 rats
87 creatures vanquished.

Notes
Turn   | Place    | Note
-------+----------+-------------------------------------------
     0 | D:1      | Delamore the Formicid Fighter began the quest for the Orb.
     0 | D:1      | Reached XP level 1. HP: 18/18 MP: 1/1
    78 | D:1      | Reached XP level 2. HP: 24/24 MP: 2/2
   474 | D:1      | Reached skill level 3 in Axes
   940 | D:2      | Reached XP level 3. HP: 21/29 MP: 3/3
  1611 | D:2      | Found a radiant altar of Vehumet.
  1611 | D:2      | Found a burning altar of Makhleb.
  1652 | D:3      | Reached skill level 4 in Axes
  1652 | D:3      | Reached XP level 4. HP: 31/35 MP: 4/4
  1971 | D:3      | Reached XP level 5. HP: 36/41 MP: 5/5
  2025 | D:3      | Reached skill level 5 in Axes
  2495 | D:3      | You fall into a shaft and drop 1 floor!
  2997 | D:3      | Found a blossoming altar of Fedhas.
  3050 | D:4      | Reached XP level 6. HP: 47/47 MP: 6/6
  3113 | D:4      | Reached skill level 6 in Axes
  3575 | D:4      | Noticed Grinder
  3779 | D:4      | Killed Grinder
  3779 | D:4      | Reached skill level 7 in Axes
  3779 | D:4      | Reached XP level 7. HP: 52/52 MP: 7/7
  4078 | D:5      | Entered Level 5 of the Dungeon
  4179 | D:5      | Reached skill level 8 in Axes
  4212 | D:4      | HP: 2/52 [poisoned by a scorpion]
  4214 | D:4      | Succumbed to a scorpion's poison

Levels and vault maps discovered:
D:1:      mrwooster_arrival_statue_2, layout_basic
D:2:      layout_loops_ring, gammafunk_temple_overflow_wave,
          minmay_misc_feat_rows
D:3:      layout_loops_ring, fedhas_altar_4, first_ration,
          hangedman_abyss_or_decor_lesser_grid
D:4:      layout_cave_pools, uniq_grinder
D:5:      layout_cave_pools, minmay_temple_entry_fiery, gup_sewer_entry_bubbles,
          uniq_menkaure

Skill      XL: |  1  2  3  4  5  6  7 |
---------------+----------------------+-----
Axes           | 3 4 5 7 8 |  8.1
Fighting       | |  3.2
Armour         | |  3.2
Shields        | |  3.6

Action                   |  1- 3 |  4- 6 |  7- 9 || total
-------------------------+-------+-------+-------++-------
Melee: War axe           |    26 |       |       ||    26
       Hand axe          |    48 |   201 |    54 ||   303
Throw: Javelin           |       |     6 |     2 ||     8
  Use: Potion            |       |     2 |     2 ||     4
       Scroll            |       |       |     5 ||     5
  Eat: Chunk             |     2 |     7 |     1 ||    10
Armor: Scale mail        |    27 |   118 |    29 ||   174
Dodge: Dodged            |    40 |    99 |    23 ||   162
Block: Shield            |    10 |       |       ||    10
       Buckler           |    13 |    43 |    17 ||    73
